Arrhythmia, chaotic female vampiric Convict --------- |.......|############################################# |.......|# --------------------------------# |........## ............%..[).)...[.........## -+-.-----# | -------|-------------..-----.|# ### |..| |@G|..| |.- % |..| |..-..| |.| # ---- ---|..+ |.| ### |.-- |. # |.+ |.| ----.------- |.| |.| |........... -.| |.| |....[.....| .| |.| |.....(....| --- |.| |..........| .| |..........| |.| |..........| -.| ------------ .| --- Arrhythmia the Jail-bird Experience level: 7 Strength: 16 Dexterity: 11 Constitution: 20 Intelligence: 11 Wisdom: 7 Charisma: 7 Health: 0(64) Energy: 42(42) AC: 6 Gold: 529 Moves: 2458 Your Inventory: Coins $ - 529 gold pieces Armor b - a cursed +0 striped shirt (being worn) g - an [uncursed] +0 hooded cloak [dwarvish] q - an [uncursed] +0 hard hat [dwarvish iron helm] (being worn) r - a cursed -3 large round shield [dwarvish roundshield] (being worn) s - an [uncursed] +0 leather cloak (being worn) t - an [uncursed] +0 pair of jackboots [high] (being worn) Scrolls h - 2 [uncursed] scrolls labeled VENZAR BORGAVVE [of create monster] i - an [uncursed] scroll labeled ABRA KA DABRA [of identify] j - an [uncursed] scroll labeled DAIYEN FOOELS [of food detection] p - a [cursed] scroll labeled THARR [of fire] Tools l - an [uncursed] towel m - an [uncursed] skeleton key Iron balls c - an [uncursed] heavy iron ball (weapon in hand) Spells known in the end: Name Level Category Fail Memory Your skills at the end: Fighting Skills Weapon Skills sling [Basic / Skilled] Spellcasting Skills Final Attributes: You had transgressed. Hunger level was 185. Your alignment was -9 / 22. Monster difficulty range was 1 - 7. Level difficulty was 8. You were immune to poison. You were immune to level-drain. You were immune to sickness. You could fly. You could survive without air. You regenerated. You were lucky (1). You are dead. Vanquished creatures: a small mimic 2 watchmen a human zombie a rock mole a pony a gnome lord a wax golem a kitten 5 dwarves a homunculus a kobold lord 3 rothes 3 monkeys 2 dwarf zombies a werejackal an iguana 2 coyotes 2 hobbits 2 manes 2 yellow molds 16 gnomes 2 garter snakes a gnome zombie a gecko a jackal a fox a kobold 2 goblins a grid bug 2 bats a newt 63 creatures vanquished. Voluntary challenges: You went without food. You were illiterate. You never hit with a wielded weapon. You put on armor 10 times. You never genocided any monsters. You never polymorphed an object. You never changed form. You used no wishes. You abstained from Elbereth's help. You never encountered a bones level. You never used any Sokoban shortcuts. Dungeon overview: The Dungeons of Doom: levels 1 to 4 Level 1 a fountain a long staircase Level 3 a general store Level 4 stairs to The Gnomish Mines The Gnomish Mines: levels 5 to 8 Level 5 stairs to The Dungeons of Doom Level 8 <- You were here History has recorded: On T:1 you entered the Dungeons of Doom to retrieve the Amulet of Yendor! On T:304 you reached level 2 of The Dungeons of Doom. On T:336 you advanced to experience level 2. On T:389 you reached level 3 of The Dungeons of Doom. On T:443 you advanced to experience level 3. On T:703 you advanced to experience level 4. On T:832 you advanced to experience level 5. On T:1020 you reached level 4 of The Dungeons of Doom. On T:1381 you advanced to experience level 6. On T:1502 you reached level 1 of The Gnomish Mines. On T:1648 you reached level 2 of The Gnomish Mines. On T:1956 you advanced to experience level 7. On T:2256 you reached level 4 of The Gnomish Mines. Latest messages: You miss the gnome king. You bite the gnome king. The gnome king swings his bow. The gnome king hits! [HP-10=29] You are having a tough time swinging the heavy iron ball. You miss the gnome king. (2x) [HP+1=30] You miss the gnome king. You bite the gnome king. The gnome king swings his bow. The gnome king hits! [HP-11=19] You miss the gnome king. You bite the gnome king. The gnome king swings his bow. The gnome king hits! [HP-12=7] You miss the gnome king. You bite the gnome king. The gnome king swings his bow. The gnome king hits! You die... Final status: Goodbye Arrhythmia the Convict... You died in The Gnomish Mines on dungeon level 8 with 3809 points, and 529 pieces of gold, after 2458 moves. You were level 7 with a maximum of 64 hit points when you died.